 Dungeon Crawl Stone Soup version 0.29-a0-838-g385bb11a5b (webtiles) character file.

Game seed: 13386276095967216970

18 zeratav the Stinger (level 2, -1/17 HPs)
             Began as an Octopode Venom Mage on July 13, 2022.
             Slain by a gnoll
             ... wielding a +0 whip
              (3 damage)
             ... on level 2 of the Dungeon.
             The game lasted 00:00:43 (841 turns).

zeratav the Stinger (Octopode Venom Mage)            Turns: 841, Time: 00:00:43

Health: -1/17      AC:  1    Str:  7    XL:     2   Next: 70%
Magic:  5/5        EV: 13    Int: 17    God:
Gold:   13         SH:  0    Dex: 12    Spells: 4/5 levels left

rFire   . . .      SeeInvis .   d - +0 short sword {short}
rCold   . . .      Faith    .   (no shield)
rNeg    . . .      Spirit   .   (helmet restricted)
rPois   .          Reflect  .   (no amulet)
rElec   .          Harm     .   (no ring)
rCorr   .          Rampage  .   (no ring)
Will    .....                   (no ring)
Stlth   +++.......              (no ring)
HPRegen 0.05/turn               (no ring)
MPRegen 0.09/turn               (no ring)
                                (no ring)
                                (no ring)

@: no status effects
A: almost no armour, amphibious, 8 rings, camouflage 1, gelatinous body 1,
(nimble swimmer 1), tentacles
a: no special abilities


You were on level 2 of the Dungeon.
You visited 1 branch of the dungeon, and saw 2 of its levels.

You collected 13 gold pieces.


Innate Abilities, Weirdness & Mutations

You cannot wear most types of armour.
You are amphibious.
You can wear up to eight rings at the same time.
Your skin changes colour to match your surroundings (Stealth+).
Your rubbery body absorbs attacks. (AC +1, EV +1)
((You are camouflaged when in or above water. (Stealth+)))
You have tentacles for arms and can constrict up to eight enemies at once.


   Skills:
 - Level 2.0 Dodging
 + Level 3.7 Stealth
 - Level 2.0 Spellcasting
 - Level 1.0 Transmutations
 + Level 4.2 Poison Magic


You had 4 spell levels left.
You knew the following spells:

 Your Spells              Type           Power      Damage    Failure   Level
a - Sting                 Tmut/Pois      40%        1d5       7%          1

Your spell library contained the following spells:

 Spells                   Type           Power      Damage    Failure   Level
 Poisonous Vapours        Pois/Air       16%        N/A       12%         2
 Mephitic Cloud           Conj/Pois/Air  6%         N/A       32%         3
 Olgreb's Toxic Radiance  Pois           16%        N/A       32%         4

Inventory:

Hand Weapons
 d - a +0 short sword (weapon) {short}
   (You found it on level 2 of the Dungeon)
Scrolls
 b - 3 scrolls of fear {unknown}
 c - a scroll of fog {unknown}
 f - a scroll of poison {unknown}
Potions
 a - a potion of magic
 e - a potion of flight {unknown}

Dungeon Overview and Level Annotations

Branches:
Dungeon (1/15) Zot: 11159

Altars:

#............ #.###.#######
#.#.#.#.# #.#.....#
#.#.#.#.# #.#g#'#+##
#.#......# #.#..g...# #
#.#..@...# . #......# #
#......# # #.#+#'## #
######.#.#.# #
.....#.#.#.#########
######+#.......#.#.........#
..........##.###.#########.#
####.รท....##.# #.# #.#


You could see 2 gnolls.


Message History

HP[-1]
You take 1 damage, and now have 4/11 hp.
MP[+1]
The endoplasm attacks as you move away! The endoplasm misses you.
You see here a +0 short sword {short}.
d - a +0 short sword (weapon)
{short} You hit the endoplasm.
You kill the endoplasm!
You now have 13 gold pieces (gained 7).
You start resting.
HP[+7] MP[+2]
Your hp is fully restored (11).
Your mp is fully restored (3).
A kobold comes into view. It is wielding a +0 short sword.
A bat comes into view.
The helpless kobold fails to defend itself.
You hit the kobold.
You kill the kobold!
You have reached level 2!
HP[+6] MP[+2]
You now have 17 max hp (+6).
Your hp is fully restored (17).
Your mp is fully restored (5).
The bat completely misses you. The bat barely misses you.
You barely miss the bat. You grab the bat. You squeeze the bat.
You kill the bat!
Your Poison Magic skill increases to level 4!
No target in view!
No target in view!
No target in view!
No target in view!
Things that are here:
a +0 short sword {short}; a kobold corpse You see here a bat corpse.
As you open the door, it creaks loudly!
A kobold comes into view. It is wielding a +0 dagger.
A kobold is nearby!
You barely miss the kobold.
The kobold shouts!
You grab the kobold. Your squeeze misses the kobold.
You constrict the kobold, but do no damage.
The kobold hits you with a +0 dagger.
HP[-3]
You take 3 damage, and now have 14/17 hp.
You hit the kobold.
You kill the kobold!
No target in view!
No target in view!
No target in view!
No target in view!
No target in view!
e - a fuming dark potion You see here a +0 dagger {short}.
HP[+3]
Your hp is fully restored (17).
You open the door.
There is an open door here.
f - a scroll labelled GIUBIA RATEMM You open the door.
There is an open door here.
You open the door.
There is an open door here. 3 gnolls come into view.
There are monsters nearby!
The gnoll shouts!
The gnoll hits you with a +0 spear.
HP[-6]
You take 6 damage, and now have 11/17 hp.
MASSIVE DAMAGE!! (PAUSE)
The gnoll shouts!
You hit the gnoll. You grab the gnoll.
You constrict the gnoll, but do no damage.
The gnoll closely misses you.
You hit the gnoll. You squeeze the gnoll!
You constrict the gnoll, but do no damage.
The gnoll barely misses you.
The gnoll hits you from afar with a +0 halberd!
* * * LOW HITPOINT WARNING * * *
HP[-7]
You take 7 damage, and now have 4/17 hp.
MASSIVE DAMAGE!! (PAUSE)
You are too injured to fight recklessly!
You are too injured to fight recklessly!
You are too injured to fight recklessly!
You are too injured to fight recklessly!
You are too injured to fight recklessly!
You are too injured to fight recklessly!
You are too injured to fight recklessly!
You hit the gnoll.
You kill the gnoll!
The gnoll hits you with a +0 whip.
* * * LOW HITPOINT WARNING * * *
The gnoll closely misses you.
HP[-3]
You take 3 damage, and now have 1/17 hp.
The gnoll attacks as you move away! The gnoll closely misses you.
HP[+1]
The gnoll attacks as you move away! The gnoll closely misses you.
There is an open door here.
The gnoll attacks as you move away! The gnoll barely misses you.
The gnoll attacks as you move away! The gnoll hits you with a +0 whip.
You die...

Skill      XL: |  1  2 |
---------------+-------+-----
Stealth        | 3 |  3.7
Poison Magic   | 4 |  4.2
Dodging        | |  2.0
Spellcasting   | |  2.0
Transmutations | |  1.0

Action                   || total
-------------------------++-------
Melee: Unarmed           ||     8
       Short sword       ||     8
       Constrict         ||     4
       Tentacles         ||     3
 Cast: Sting             ||     6
 Stab: Sleeping          ||     2
Dodge: Dodged            ||    10

Levels and vault maps discovered:
D:1:      mushboom_english_gardens, layout_rooms
D:2:      layout_basic

Notes
Turn   | Place    | Note
-------+----------+-------------------------------------------
     0 | D:1      | zeratav the Octopode Venom Mage began the quest for the
                  | Orb.
     0 | D:1      | Reached XP level 1. HP: 11/11 MP: 3/3
     0 | D:1      | magus.rc [v1.9.6]
     8 | D:1      | You fall into a shaft and drop 1 floor!
    35 | D:2      | HP: 1/11 [worm (6)]
    37 | D:2      | Reached skill level 3 in Stealth
   660 | D:2      | Reached XP level 2. HP: 17/17 MP: 5/5
   662 | D:2      | Reached skill level 4 in Poison Magic
   828 | D:2      | HP: 4/17 [gnoll/+0 halberd (7)]
   829 | D:2      | HP: 1/17 [gnoll/+0 whip (3)]
   841 | D:2      | Slain by a gnoll

Vanquished Creatures
  A gnoll (D:2)
  A worm (D:2)
  A bat (D:2)
  An endoplasm (D:2)
  A hobgoblin (D:2)
  2 kobolds (D:2)
7 creatures vanquished.

Table legend:
 A = Non-vault XP
 B = Vault XP
 C = Vault XP percentage of total XP
 D = Non-vault monster count
 E = Vault monster count
 F = Vault count percentage of total count
                 A         B        C        D         E       F
            +---------+---------+-------+---------+---------+-------
      Total |      27 |       0 |   0.0 |       7 |       0 |   0.0
            +---------+---------+-------+---------+---------+-------
        D:2 |      27 |       0 |   0.0 |       7 |       0 |   0.0
            +---------+---------+-------+---------+---------+-------

Illustrated notes

Table legend:
 A = Kills in this place as a percentage of kills in entire the game.
 B = Kills by you in this place as a percentage of kills by you in the entire game.
 C = Kills by friends in this place as a percentage of kills by friends in the entire game.
 D = Other kills in this place as a percentage of other kills in the entire game.
 E = Experience gained in this place as a percentage of experience gained in the entire game.
 F = Experience gained in this place divided by the number of levels of this place that you have seen.
                   A       B       C       D       E      F
               +-------+-------+-------+-------+-------+----------------------
         Total | 100.0 | 100.0 |   N/A |   N/A | 100.0 |  13.5
       Dungeon | 100.0 | 100.0 |   N/A |   N/A | 100.0 |  13.5
               +-------+-------+-------+-------+-------+----------------------

Table legend: (Time is in decaauts)
 A = Elapsed time spent in this place.
 B = Non-inter-level travel time spent in this place.
 C = Inter-level travel time spent in this place.
 D = Time resting spent in this place.
 E = Time spent auto-exploring this place.
 F = Levels seen in this place.
 G = Mean time per level.
                   A        B        C        D        E       F      G
               +--------+--------+--------+--------+--------+-----+--------+
         Total |    841 |    841 |      0 |    535 |    219 |   2 |  420.5 |
       Dungeon |    841 |    841 |      0 |    535 |    219 |   2 |  420.5 |
               +--------+--------+--------+--------+--------+-----+--------+

Top non-repeatable levels by time:
     D:2: 833 daAuts
     D:1: 8 daAuts
